BLB
DALLAS DRILLERS @ MONTREAL EXPORTS
04/19/2060
 
TOP OF THE 1ST
Dallas Drillers batting - Pitching for Montreal Exports : LHP Evan Dean
Pitching: LHP Evan Dean
Batting: RHB Pat Trumbo 0-0: Called Strike
0-1: Foul Ball, location: 2F
0-2: Hit by Pitch
Batting: RHB Aubrey Albano 0-0: Called Strike
0-1: Ball
1-1: Ball
Wild Pitch!
Pat Trumbo to second
2-1: Foul Ball, location: 2F
2-2: Ball
3-2: Foul Ball, location: 2F
3-2: Reached via error on a dropped throw from 2B, E3 (Groundball, 4, EV 83.8 MPH)
Pat Trumbo to third
Batting: LHB Devin Welninski 0-0: Ball
1-0: Called Strike
1-1: Foul Ball, location: 2F
1-2: Strikes out swinging
Batting: RHB Ja'Quan McLaren 0-0: Ball
1-0: SINGLE (Groundball, 56D, EV 105.0 MPH)
Pat Trumbo scores
Aubrey Albano to second
Batting: RHB Latif Won 0-0: Ball
Aubrey Albano steals 3rd, throwing error, E2
Aubrey Albano scores
Ja'Quan McLaren to third
1-0: Foul Ball, location: 2F
1-1: Swinging Strike
1-2: Ball
2-2: Ball
3-2: Reached on error, E5 (Groundball, 56, EV 83.8 MPH)
Ja'Quan McLaren scores
Batting: RHB Jehvon Curry 0-0: 2-RUN HOME RUN (Flyball, 78XD, EV 97.5 MPH), Distance : 388 ft
Batting: RHB Sean Kovacevic 0-0: Called Strike
0-1: SINGLE (Line Drive, 7S, EV 93.1 MPH)
Batting: LHB Raymond Crisp 0-0: Ball
1-0: Ball
2-0: Called Strike
2-1: SINGLE (Popup, 4D, EV 48.8 MPH)
Sean Kovacevic to second
Pitching: LHP Hudson Bell
Batting: SHB Cooper Heizer 0-0: Ball
1-0: Ball
2-0: Ball
3-0: DOUBLE (Line Drive, 89D, EV 105.6 MPH)
Sean Kovacevic scores
Raymond Crisp to third
Batting: RHB Pat Trumbo 0-0: Called Strike
0-1: Ball
1-1: Foul Ball, location: 2F
1-2: Ball
2-2: Foul Ball, location: 2F
2-2: Strikes out swinging
Batting: RHB Aubrey Albano 0-0: Ball
1-0: Ball
2-0: Foul Ball, location: 2F
2-1: Called Strike
2-2: Foul Ball, location: 2F
2-2: Fly out, F8 (Flyball, 8LS, EV 90.0 MPH)
Top of the 1st over - 6 runs, 5 hits, 3 errors, 2 left on base; Dallas 6 - Montreal 0
BOTTOM OF THE 1ST
Montreal Exports batting - Pitching for Dallas Drillers : RHP Kaleb Mannino
Pitching: RHP Kaleb Mannino
Batting: RHB Landon Zitter 0-0: Foul Ball, location: 2F
0-1: Foul Ball, location: 2F
0-2: Strikes out swinging
Batting: RHB Kyle Levin 0-0: Ball
1-0: Ball
2-0: Called Strike
2-1: Reached on error, E6 (Groundball, 6, EV 90.0 MPH)
Batting: RHB Henry Miller 0-0: SINGLE (Line Drive, 5D, EV 100.0 MPH)
Kyle Levin to second
Batting: LHB Josh Plautz 0-0: Foul Ball, location: 2F
0-1: Called Strike
0-2: Strikes out looking
Batting: RHB Eli Tracy 0-0: Fly out, F4 (Line Drive, 4, EV 71.9 MPH)
Bottom of the 1st over - 0 runs, 1 hit, 1 error, 2 left on base; Dallas 6 - Montreal 0
TOP OF THE 2ND
Dallas Drillers batting - Pitching for Montreal Exports : LHP Hudson Bell
Batting: LHB Devin Welninski 0-0: Foul Ball, location: 2F
0-1: TRIPLE (Flyball, 78XD, EV 110.0 MPH)
Batting: RHB Ja'Quan McLaren 0-0: Ground out 4-3 (Groundball, 4, EV 85.0 MPH)
Devin Welninski scores
Batting: RHB Latif Won 0-0: Swinging Strike
0-1: Ball
1-1: Foul Ball, location: 2F
1-2: Foul Ball, location: 2F
1-2: Ball
2-2: Strikes out swinging, 2-3 out at first.
Batting: RHB Jehvon Curry 0-0: Called Strike
0-1: Ball
1-1: Ball
2-1: Called Strike
2-2: Strikes out swinging
Top of the 2nd over - 1 run, 1 hit, 0 errors, 0 left on base; Dallas 7 - Montreal 0
BOTTOM OF THE 2ND
Montreal Exports batting - Pitching for Dallas Drillers : RHP Kaleb Mannino
Batting: RHB Max Johnson 0-0: Called Strike
0-1: SINGLE (Groundball, 6MD, EV 98.1 MPH)
Batting: RHB Cody Henning 0-0: Ball
1-0: Ball
2-0: Called Strike
2-1: Foul Ball, location: 2F
2-2: Ball
3-2: Fly out, F6 (Popup, 6MS, EV 59.4 MPH)
Batting: LHB Teddy Burch 0-0: Ball
1-0: SINGLE (Groundball, 5S, EV 61.9 MPH) (infield hit)
Max Johnson to second
Batting: LHB Justin Wyatt 0-0: Ball
1-0: Called Strike
1-1: Called Strike
1-2: Strikes out swinging
Batting: RHB Landon Zitter 0-0: Ball
1-0: Ground out 4-3 (Groundball, 4, EV 89.4 MPH)
Bottom of the 2nd over - 0 runs, 2 hits, 0 errors, 2 left on base; Dallas 7 - Montreal 0
TOP OF THE 3RD
Dallas Drillers batting - Pitching for Montreal Exports : LHP Hudson Bell
Batting: RHB Sean Kovacevic 0-0: Foul Ball, location: 2F
0-1: Ball
1-1: Ball
2-1: Swinging Strike
2-2: Strikes out swinging
Batting: LHB Raymond Crisp 0-0: Called Strike
0-1: Foul Ball, location: 2F
0-2: Ground out 6-3 (Groundball, 6, EV 81.2 MPH)
Batting: SHB Cooper Heizer 0-0: Ball
1-0: Called Strike
1-1: Called Strike
1-2: Ball
2-2: Ground out 5-3 (Groundball, 5, EV 101.2 MPH)
Top of the 3rd over - 0 runs, 0 hits, 0 errors, 0 left on base; Dallas 7 - Montreal 0
BOTTOM OF THE 3RD
Montreal Exports batting - Pitching for Dallas Drillers : RHP Kaleb Mannino
Batting: RHB Kyle Levin 0-0: Ball
1-0: Ball
2-0: SINGLE (Line Drive, 9LS, EV 111.9 MPH)
Batting: RHB Henry Miller 0-0: Ball
1-0: Called Strike
1-1: Swinging Strike
1-2: Strikes out swinging
Batting: LHB Josh Plautz 0-0: Ball
1-0: Ball
2-0: Ball
3-0: Called Strike
3-1: Swinging Strike
3-2: Strikes out swinging
Batting: RHB Eli Tracy 0-0: Ball
1-0: Ball
2-0: Ball
3-0: Called Strike
3-1: Fly out, F1 (Line Drive, P, EV 63.8 MPH)
Bottom of the 3rd over - 0 runs, 1 hit, 0 errors, 1 left on base; Dallas 7 - Montreal 0
TOP OF THE 4TH
Dallas Drillers batting - Pitching for Montreal Exports : LHP Hudson Bell
Batting: RHB Pat Trumbo 0-0: Swinging Strike
0-1: Called Strike
0-2: Ball
1-2: Foul Ball, location: 2F
1-2: Ball
2-2: Ball
3-2: Fly out, F8 (Flyball, 8RS, EV 94.4 MPH)
Batting: RHB Aubrey Albano 0-0: Called Strike
0-1: Foul Ball, location: 2F
0-2: Foul Ball, location: 2F
0-2: Strikes out swinging
Batting: LHB Devin Welninski 0-0: Called Strike
0-1: Ground out 6-3 (Groundball, 6, EV 105.6 MPH)
Top of the 4th over - 0 runs, 0 hits, 0 errors, 0 left on base; Dallas 7 - Montreal 0
BOTTOM OF THE 4TH
Montreal Exports batting - Pitching for Dallas Drillers : RHP Kaleb Mannino
Batting: RHB Max Johnson 0-0: Fly out, F8 (Flyball, 8LS, EV 87.5 MPH)
Batting: RHB Cody Henning 0-0: Foul Ball, location: 2F
0-1: Swinging Strike
0-2: Strikes out looking
Batting: LHB Teddy Burch 0-0: Ball
1-0: Ball
2-0: Ball
3-0: Base on Balls
Batting: LHB Justin Wyatt 0-0: Called Strike
Teddy Burch is caught stealing 2nd base 2-6
Bottom of the 4th over - 0 runs, 0 hits, 0 errors, 0 left on base; Dallas 7 - Montreal 0
TOP OF THE 5TH
Dallas Drillers batting - Pitching for Montreal Exports : LHP Hudson Bell
Batting: RHB Ja'Quan McLaren 0-0: Ball
1-0: Foul Ball, location: 2F
1-1: Ball
2-1: Called Strike
2-2: Foul Ball, location: 2F
2-2: Strikes out swinging
Batting: RHB Latif Won 0-0: Ball
1-0: Called Strike
1-1: Called Strike
1-2: Ball
2-2: Foul Ball, location: 2F
2-2: Foul Ball, location: 2F
2-2: Ball
3-2: Base on Balls
Pitching: RHP Rourke Veloukhiotis
Batting: RHB Jehvon Curry 0-0: Called Strike
0-1: Swinging Strike
0-2: Foul Ball, location: 2F
0-2: Strikes out looking
Batting: RHB Sean Kovacevic 0-0: Ball
1-0: Ball
2-0: Ball
3-0: Base on Balls
Latif Won to second
Batting: LHB Raymond Crisp 0-0: Called Strike
0-1: Ball
1-1: SINGLE (Groundball, 34D, EV 103.1 MPH)
Latif Won to third
Sean Kovacevic to second
Runner from 3rd tries for Home, SAFE, throw by RF to home
Batting: SHB Cooper Heizer 0-0: Ball
1-0: Swinging Strike
1-1: Ball
2-1: Fielders Choice at 2nd, 5-4 (Groundball, 56, EV 87.5 MPH)
Top of the 5th over - 1 run, 1 hit, 0 errors, 2 left on base; Dallas 8 - Montreal 0
BOTTOM OF THE 5TH
Montreal Exports batting - Pitching for Dallas Drillers : RHP Kaleb Mannino
Batting: LHB Justin Wyatt 0-0: Swinging Strike
0-1: Ball
1-1: Foul Ball, location: 2F
1-2: Ball
2-2: Foul Ball, location: 2F
2-2: Ground out 6-3 (Groundball, P, EV 80.0 MPH)
Batting: RHB Landon Zitter 0-0: Called Strike
0-1: Swinging Strike
0-2: Ball
1-2: Ball
2-2: Ball
3-2: Foul Ball, location: 2F
3-2: Base on Balls
Batting: RHB Kyle Levin 0-0: Fly out, F9 (Line Drive, 9S, EV 94.4 MPH)
Batting: RHB Henry Miller 0-0: Ball
1-0: SINGLE (Line Drive, 7LS, EV 100.6 MPH)
Landon Zitter to second
Batting: LHB Josh Plautz 0-0: Called Strike
0-1: Ball
1-1: Fly out, F5 (Popup, 5SF, EV 83.8 MPH)
Bottom of the 5th over - 0 runs, 1 hit, 0 errors, 2 left on base; Dallas 8 - Montreal 0
TOP OF THE 6TH
Dallas Drillers batting - Pitching for Montreal Exports : RHP Rourke Veloukhiotis
Batting: RHB Pat Trumbo 0-0: Called Strike
0-1: Ground out U3 (Groundball, 3, EV 84.4 MPH)
Batting: RHB Aubrey Albano 0-0: SINGLE (Groundball, 6MD, EV 95.6 MPH)
Batting: LHB Devin Welninski 0-0: Called Strike
0-1: Called Strike
0-2: Strikes out swinging
Batting: RHB Ja'Quan McLaren 0-0: Called Strike
0-1: Foul Ball, location: 2F
0-2: Ball
1-2: Ball
2-2: Fly out, F8 (Flyball, 8LD, EV 88.8 MPH)
Top of the 6th over - 0 runs, 1 hit, 0 errors, 1 left on base; Dallas 8 - Montreal 0
BOTTOM OF THE 6TH
Montreal Exports batting - Pitching for Dallas Drillers : RHP Kaleb Mannino
Batting: RHB Eli Tracy 0-0: Ground out 5-3 (Groundball, 56S, EV 77.5 MPH)
Batting: RHB Max Johnson 0-0: Swinging Strike
0-1: Ground out 6-3 (Groundball, 56, EV 99.4 MPH)
Pitching: RHP Henry Kemp
Batting: RHB Cody Henning 0-0: Swinging Strike
0-1: Ball
1-1: Ball
2-1: Fly out, F9 (Line Drive, 89M, EV 86.9 MPH)
Bottom of the 6th over - 0 runs, 0 hits, 0 errors, 0 left on base; Dallas 8 - Montreal 0
TOP OF THE 7TH
Dallas Drillers batting - Pitching for Montreal Exports : RHP Rourke Veloukhiotis
Batting: RHB Latif Won 0-0: Called Strike
0-1: Swinging Strike
0-2: Ball
1-2: Ground out 5-3 (Groundball, 5, EV 87.5 MPH)
Batting: RHB Jehvon Curry 0-0: Ball
1-0: Ball
2-0: Foul Ball, location: 2F
2-1: Ball
3-1: Foul Ball, location: 2F
3-2: Base on Balls
Batting: RHB Sean Kovacevic 0-0: Foul Ball, location: 2F
0-1: Swinging Strike
0-2: Strikes out looking
Batting: LHB Raymond Crisp 0-0: Ball
1-0: Foul Ball, location: 2F
1-1: Ball
2-1: SINGLE (Line Drive, 56, EV 98.1 MPH)
Jehvon Curry to second
Batting: SHB Cooper Heizer 0-0: Ball
1-0: Foul Ball, location: 2F
1-1: Foul Ball, location: 2F
1-2: Ball
2-2: Foul Ball, location: 2F
2-2: Foul Ball, location: 2F
2-2: Fly out, F8 (Flyball, 8LD, EV 75.0 MPH)
Top of the 7th over - 0 runs, 1 hit, 0 errors, 2 left on base; Dallas 8 - Montreal 0
BOTTOM OF THE 7TH
Montreal Exports batting - Pitching for Dallas Drillers : RHP Henry Kemp
Pinch Hitting: RHB Asher Miles 0-0: Swinging Strike
0-1: Swinging Strike
0-2: Ball
1-2: Ball
2-2: Ball
3-2: Strikes out swinging
Batting: LHB Justin Wyatt 0-0: Called Strike
0-1: Ball
1-1: Fly out, F1 (Line Drive, P, EV 60.0 MPH)
Pinch Hitting: RHB Teddy Pettaway 0-0: Ball
1-0: Ball
2-0: Ball
3-0: Called Strike
3-1: Foul Ball, location: 2F
3-2: Strikes out swinging
Bottom of the 7th over - 0 runs, 0 hits, 0 errors, 0 left on base; Dallas 8 - Montreal 0
TOP OF THE 8TH
Dallas Drillers batting - Pitching for Montreal Exports : RHP Rourke Veloukhiotis
Now at 1B: Teddy Pettaway
Now in CF: Asher Miles
Batting: RHB Pat Trumbo 0-0: Ball
1-0: Called Strike
1-1: Ball
2-1: Ball
3-1: Fly out, F6 (Popup, 6, EV 75.0 MPH)
Pitching: RHP Payton Lambert
Batting: RHB Aubrey Albano 0-0: Ball
1-0: Ball
2-0: SINGLE (Line Drive, 9LS, EV 104.4 MPH)
Batting: LHB Devin Welninski 0-0: Hit by Pitch
Aubrey Albano to second
Batting: RHB Ja'Quan McLaren 0-0: Foul Ball, location: 2F
0-1: Ball
1-1: Ball
2-1: Swinging Strike
2-2: Ball
3-2: Foul Ball, location: 2F
3-2: Fly out, F8 (Flyball, 78S, EV 91.9 MPH)
Batting: RHB Latif Won 0-0: Ball
1-0: Foul Ball, location: 2F
1-1: Ball
2-1: SINGLE (Line Drive, 6MD, EV 98.8 MPH)
Aubrey Albano to third
Devin Welninski to second
Runner from 3rd tries for Home, throw by CF and OUT! 8-2
Top of the 8th over - 0 runs, 2 hits, 0 errors, 2 left on base; Dallas 8 - Montreal 0
BOTTOM OF THE 8TH
Montreal Exports batting - Pitching for Dallas Drillers : RHP Henry Kemp
Batting: RHB Kyle Levin 0-0: Called Strike
0-1: Ground out 5-3 (Groundball, 56, EV 88.8 MPH)
Batting: RHB Henry Miller 0-0: Ground out 5-3 (Groundball, 56S, EV 66.2 MPH)
Batting: LHB Josh Plautz 0-0: Called Strike
0-1: Called Strike
0-2: Strikes out swinging
Bottom of the 8th over - 0 runs, 0 hits, 0 errors, 0 left on base; Dallas 8 - Montreal 0
TOP OF THE 9TH
Dallas Drillers batting - Pitching for Montreal Exports : RHP Payton Lambert
Batting: RHB Jehvon Curry 0-0: Ball
1-0: Swinging Strike
1-1: Foul Ball, location: 2F
1-2: Strikes out swinging
Batting: RHB Sean Kovacevic 0-0: Ball
1-0: Ball
2-0: Ball
3-0: Base on Balls
Batting: LHB Raymond Crisp 0-0: Foul Ball, location: 2F
0-1: Foul Ball, location: 2F
0-2: Ball
1-2: Strikes out looking
Batting: SHB Cooper Heizer 0-0: Ball
1-0: Ball
2-0: Ball
3-0: Called Strike
3-1: Fielders Choice at 2nd, 5-4 (Groundball, 56, EV 91.9 MPH)
Top of the 9th over - 0 runs, 0 hits, 0 errors, 1 left on base; Dallas 8 - Montreal 0
BOTTOM OF THE 9TH
Montreal Exports batting - Pitching for Dallas Drillers : RHP Henry Kemp
Batting: RHB Eli Tracy 0-0: Called Strike
0-1: Ground out 5-3 (Groundball, 56, EV 86.9 MPH)
Batting: RHB Max Johnson 0-0: Called Strike
0-1: Ball
1-1: Swinging Strike
1-2: Ball
2-2: Ball
3-2: Foul Ball, location: 2F
3-2: Strikes out swinging
Batting: RHB Cody Henning 0-0: Foul Ball, location: 2F
0-1: Swinging Strike
0-2: Ball
1-2: SINGLE (Flyball, 8LS, EV 98.8 MPH)
Batting: RHB Asher Miles 0-0: Foul Ball, location: 2F
0-1: Foul Ball, location: 2F
0-2: Reached on error, E6 (Groundball, 6, EV 97.5 MPH)
Cody Henning to second
Batting: LHB Justin Wyatt 0-0: Swinging Strike
0-1: Swinging Strike
0-2: Ball
1-2: DOUBLE (Line Drive, 9LS, EV 93.1 MPH)
Cody Henning scores
Asher Miles to third
Batting: RHB Teddy Pettaway 0-0: Called Strike
0-1: Ball
1-1: Foul Ball, location: 2F
1-2: Foul Ball, location: 2F
1-2: Ball
2-2: Foul Ball, location: 2F
2-2: SINGLE (Flyball, 3D, EV 91.2 MPH)
Asher Miles scores
Justin Wyatt to third
Batting: RHB Kyle Levin 0-0: Swinging Strike
0-1: Foul Ball, location: 2F
0-2: Ball
1-2: Ball
2-2: Foul Ball, location: 2F
2-2: Ground out 5-3 (Groundball, 56, EV 101.9 MPH)
Bottom of the 9th over - 2 runs, 3 hits, 1 error, 2 left on base; Dallas 8 - Montreal 2
Monday, April 29th , 2024 - OOTP Baseball 23.10 Build 110